 Seeded DCSS version 0.28.0-47-ge53b351184 (webtiles) character file.

Game seed: 523019199727972820 (custom seed)

6723 thiscave3701365 the Cleaver (level 10, -4/138 HPs)
             Began as a Minotaur Berserker on May 9, 2022.
             Was a Believer of Trog.
             Slain by a 13-headed hydra (13 damage)
             ... on level 8 of the Dungeon.
             The game lasted 00:09:03 (16716 turns).

thiscave3701365 the Cleaver (Minotaur Berserker)   Turns: 16716, Time: 00:09:04

Health: -4/138     AC: 20    Str: 26    XL:     10   Next: 74%
Magic:  9/9        EV:  3    Int:  4    God:    Trog [**....]
Gold:   1333       SH: 12    Dex: 10    Spells: 9/9 levels left

rFire   . . .      SeeInvis .   z - +0 broad axe
rCold   . . .      Faith    .   B - +0 tower shield
rNeg    . . .      Spirit   .   A - +0 crystal plate armour
rPois   .          Reflect  .   (helmet restricted)
rElec   .          Harm     .   (no cloak)
rCorr   .          Rampage  .   (no gloves)
Will    .....                   (no boots)
Stlth   ..........              (no amulet)
HPRegen 0.33/turn               (no ring)
MPRegen 0.11/turn               (no ring)

@: berserking, very quick
A: horns 2, retaliatory headbutt
a: Renounce Religion, Berserk, Trog's Hand


You were on level 8 of the Dungeon.
You worshipped Trog.
Trog was pleased with you.
You visited 1 branch of the dungeon, and saw 9 of its levels.

You collected 1333 gold pieces.

Inventory:

Hand Weapons
 a - a +0 hand axe
 z - a +0 broad axe (weapon)
Missiles
 i - 2 throwing nets
Armour
 A - a +0 crystal plate armour (worn)
 B - a +0 tower shield (worn)
Jewellery
 h - an amulet of faith
 j - a ring of poison resistance
 o - an amulet of guardian spirit
 v - a ring of resist corrosion
 x - an amulet of regeneration
Wands
 q - a wand of polymorph (1)
 r - a wand of paralysis (9)
 y - a wand of flame (23)
Scrolls
 c - a scroll of fog
 e - 3 scrolls of teleportation
 l - a scroll of vulnerability
 s - 2 scrolls of identify
 t - 2 scrolls of blinking
 w - 2 scrolls of summoning
 C - a scroll of immolation {unknown}
 D - a scroll of magic mapping {unknown}
 E - a scroll of silence {unknown}
Potions
 b - a potion of lignification
 d - 4 potions of curing
 f - 2 potions of berserk rage
 g - a potion of resistance
 k - 2 potions of cancellation {unknown}
 m - 3 potions of invisibility
 n - a potion of might
 p - a potion of heal wounds
 u - a potion of mutation {unknown}


   Skills:
 + Level 9.7 Fighting
 + Level 11.2 Axes
 + Level 10.7 Armour
 + Level 7.3 Dodging
 + Level 0.3 Stealth
 + Level 5.1 Shields


You had 9 spell levels left.
You didn't know any spells.
Your spell library was empty.

Dungeon Overview and Level Annotations

Branches:
Dungeon (9/15)             Temple (0/1) D:4
   Lair: D:8-11         Orc: D:9-12

Altars:
Ashenzari
Nemelex Xobeh

Shops:
D:7 *

Annotations:
D:3 3 runed translucent doors, tizbic2's ghost, amateur NaHu
D:9 1 runed translucent door, SuperSeabass's ghost, journeyman HuCA


Innate Abilities, Weirdness & Mutations

You have a pair of horns on your head.
You reflexively headbutt those who attack you in melee.


Message History

The 12-headed hydra is moderately wounded.
You block the 12-headed hydra's attack. The 12-headed hydra bites you.
The 12-headed hydra bites you! You block the 12-headed hydra's attack.
The 12-headed hydra bites you!
The 12-headed hydra bites you but does no damage.
You block the 12-headed hydra's attack.
The 12-headed hydra bites you but does no damage.
The 12-headed hydra completely misses you.
The 12-headed hydra bites you but does no damage.
The 12-headed hydra completely misses you.
The 12-headed hydra bites you but does no damage.
You barely miss the 12-headed hydra.
The 12-headed hydra is moderately wounded.
You block the 12-headed hydra's attack. x2; The 12-headed hydra bites you.
You block the 12-headed hydra's attack.
The 12-headed hydra bites you but does no damage.
The 12-headed hydra bites you.
The 12-headed hydra bites you but does no damage.
The 12-headed hydra bites you! The 12-headed hydra bites you.
The 12-headed hydra bites you!
* * * LOW HITPOINT WARNING * * *
The 12-headed hydra bites you!
* * * LOW HITPOINT WARNING * * *
The 12-headed hydra bites you.
* * * LOW HITPOINT WARNING * * *
You slice one of the 12-headed hydra's heads off!
The 11-headed hydra grows two more!
You slash the 13-headed hydra!
The 13-headed hydra is lightly wounded.
The 13-headed hydra bites you but does no damage. x2
The 13-headed hydra bites you.
* * * LOW HITPOINT WARNING * * *
The 13-headed hydra bites you.
* * * LOW HITPOINT WARNING * * *
The 13-headed hydra bites you but does no damage.
The 13-headed hydra bites you!
* * * LOW HITPOINT WARNING * * *
You block the 13-headed hydra's attack. x2
The 13-headed hydra bites you but does no damage.
You block the 13-headed hydra's attack. The 13-headed hydra bites you!
You die...

#..###.#
#.###.# #..#
#.# #.....#
#.#####..## #
#..## #..# #
##..###..# #
##..##### .
##..#######
##.......#
#.@.....#
#.....D.....#
#....(......#
#...........#
#...........#
#...........#
#.....(....$#
#....########


You could see a 13-headed hydra.

Vanquished Creatures
  A hydra (D:9)
  A two-headed ogre (D:8)
  Grinder (D:5)
  A hornet (D:9)
  A steam dragon (D:6)
  10 yaks
  Menkaure (D:5)
  An acid dragon (D:9)
  3 orc warriors
  A black bear (D:8)
  A sky beast (D:7)
  A necrophage (D:6)
  4 ogres
  3 centaurs
  A phantom (D:4)
  2 kobold brigands
  A bullfrog (D:7)
  A wyvern zombie (D:6)
  4 scorpions
  A wyvern skeleton (D:6)
  5 killer bees (D:9)
  9 wights
  A howler monkey (D:4)
  A centaur zombie (D:6)
  5 orc priests
  2 gnoll shamans
  A jelly (D:6)
  3 hounds
  5 iguanas
  Ijyb (D:4)
  8 orc wizards
  A hound zombie (D:5)
  A hound skeleton (D:4)
  6 gnolls
  A howler monkey zombie (D:9)
  8 adders
  A white imp (D:7)
  An ufetubus (D:5)
  An adder skeleton (D:4)
  3 worms
  A dart slug (D:4)
  23 orcs
  12 endoplasms
  3 giant cockroaches
  4 goblins
  5 hobgoblins
  6 quokkas
  8 ball pythons
  6 bats
  A frilled lizard (D:1)
  15 kobolds
  8 rats
196 creatures vanquished.

Vanquished Creatures (others)
  An orc wizard (D:4)
  10 plants (D:5)
11 creatures vanquished.

Grand Total: 207 creatures vanquished

Notes
Turn   | Place    | Note
-------+----------+-------------------------------------------
     0 | D:1      | thiscave3701365 the Minotaur Berserker began the quest for
                  | the Orb.
     0 | D:1      | Reached XP level 1. HP: 19/19 MP: 0/0
   374 | D:1      | Reached XP level 2. HP: 27/27 MP: 1/1
   568 | D:1      | Reached skill level 4 in Axes
   797 | D:1      | Found a faded altar of an unknown god.
  1259 | D:2      | Reached XP level 3. HP: 33/33 MP: 2/2
  1504 | D:2      | Reached ** piety under Trog
  1537 | D:2      | Found a broken altar of Ashenzari.
  2594 | D:3      | Reached XP level 4. HP: 30/40 MP: 3/3
  2753 | D:3      | Found a runed translucent gate.
  2770 | D:3      | Found a runed translucent gate.
  2770 | D:3      | Found a runed translucent gate.
  2804 | D:3      | Noticed tizbic2's ghost (amateur NaHu)
  3563 | D:4      | Noticed a scorpion
  3574 | D:4      | Killed a scorpion
  3575 | D:4      | Reached XP level 5. HP: 37/47 MP: 4/4
  3997 | D:4      | Reached skill level 5 in Fighting
  3997 | D:4      | Reached skill level 5 in Axes
  4208 | D:4      | Noticed Ijyb
  4216 | D:4      | Killed Ijyb
  4217 | D:4      | Reached XP level 6. HP: 56/56 MP: 5/5
  5050 | D:4      | Found a staircase to the Ecumenical Temple.
  5156 | D:4      | Reached skill level 5 in Armour
  5156 | D:4      | Reached XP level 7. HP: 62/62 MP: 6/6
  5428 | D:5      | Entered Level 5 of the Dungeon
  5428 | D:5      | Noticed Menkaure
  6133 | D:4      | Reached skill level 6 in Axes
  6521 | D:5      | Killed Menkaure
  6522 | D:5      | Reached skill level 5 in Dodging
  7144 | D:5      | Noticed Grinder
  7167 | D:5      | Killed Grinder
  7168 | D:5      | Reached XP level 8. HP: 42/71 MP: 7/7
  7765 | D:5      | Reached skill level 7 in Axes
  9868 | D:7      | Reached XP level 9. HP: 81/81 MP: 8/8
 10036 | D:7      | Reached skill level 8 in Axes
 10738 | D:7      | Found a sparkling altar of Nemelex Xobeh.
 10780 | D:7      | Found Poej's Elemental Accessories.
 11606 | D:7      | Identified a scroll of acquirement
 11606 | D:7      | Acquired 848 gold pieces
 11756 | D:8      | Noticed a two-headed ogre
 11764 | D:8      | Killed a two-headed ogre
 11765 | D:8      | Reached skill level 9 in Axes
 12647 | D:9      | Reached XP level 10. HP: 43/91 MP: 9/9
 13314 | D:9      | Found a runed translucent door.
 13318 | D:9      | Noticed SuperSeabass's ghost (journeyman HuCA)
 13345 | D:9      | Paralysed by a hornet for 3 turns
 13706 | D:9      | Reached skill level 10 in Axes
 14085 | D:9      | Noticed a seven-headed hydra
 14093 | D:9      | Killed a 13-headed hydra
 14094 | D:9      | Reached skill level 10 in Armour
 16308 | D:8      | Reached skill level 11 in Axes
 16310 | D:8      | Reached skill level 5 in Shields
 16704 | D:8      | Noticed a seven-headed hydra
 16716 | D:8      | Slain by a 13-headed hydra

Illustrated notes

Levels and vault maps discovered:
D:1:      minmay_arrival_floating_metal, layout_loops_corners,
          shapermc_ecumenical_altar_notcrosses, minivault_11
D:2:      layout_basic, basic_altar
D:3:      layout_basic, gammafunk_ghost_icy
D:4:      minmay_chambers_of_twos, layout_loops_cross,
          minmay_temple_entry_fiery, minmay_fractal_squares_5, uniq_ijyb
D:5:      layout_rooms, serial_bayou_lagoon_a, uniq_grinder, uniq_menkaure
D:6:      layout_loops_ring, grunt_decor_fettered, kennysheep_small_circle
D:7:      layout_loops_ring, mainiacjoe_overflow_small_starburst,
          nicolae_elemental_shop
D:8:      layout_rooms
D:9:      layout_stronghold, ebering_ghost_reflecting_pool

Skill      XL: |  1  2  3  4  5  6  7  8  9 10 |
---------------+-------------------------------+-----
Fighting       | 4 5 6 7 9 |  9.7
Axes           | 4 5 6 7 9 11 | 11.2
Armour         | 3 4 5 6 7 9 10 | 10.7
Dodging        | 3 4 5 6 7 |  7.3
Shields        | 3 5 |  5.1
Stealth        | |  0.3

Action                   |  1- 3 |  4- 6 |  7- 9 | 10-12 || total
-------------------------+-------+-------+-------+-------++-------
Melee: Hand axe          |    98 |   118 |   230 |       ||   446
       Headbutt          |    12 |    14 |    44 |    25 ||    95
       Punch             |       |     1 |     3 |       ||     4
       Broad axe         |       |       |    19 |   117 ||   136
Invok: Berserk           |       |     8 |    18 |     8 ||    34
  Use: Scroll            |     5 |       |     9 |       ||    14
 Stab: Sleeping          |     2 |       |       |       ||     2
Armor: Animal skin       |    23 |    17 |       |       ||    40
       Chain mail        |       |       |    47 |       ||    47
       Crystal plate arm |       |       |   111 |   139 ||   250
Dodge: Dodged            |    57 |    65 |    86 |    22 ||   230
Block: Tower shield      |       |       |    65 |   129 ||   194
